 Dungeon Crawl Stone Soup version 0.29-a0-1033-gb6c65ffae6 (webtiles) character file.

Game seed: 16809172250400131775

343 leavemydog the Conjurer (level 6, 0/32 HPs)
             Began as a Deep Elf Conjurer on Aug 14, 2022.
             Slain by Pikel
             ... wielding a +2 whip of flaming
              (9 damage)
             ... on level 4 of the Dungeon.
             The game lasted 00:05:20 (4614 turns).

leavemydog the Conjurer (Deep Elf Conjurer)         Turns: 4614, Time: 00:05:21

Health: 0/32       AC:  4    Str:  4    XL:     6   Next: 31%
Magic:  1/16       EV: 12    Int: 25    God:
Gold:   85         SH:  0    Dex: 13    Spells: 5/16 levels left

rFire   . . .      SeeInvis .   r - +4 quarterstaff (chaos)
rCold   . . .      Faith    .   (shield currently unavailable)
rNeg    . . .      Spirit   .   a - +0 robe
rPois   .          Reflect  .   d - +0 helmet
rElec   .          Harm     .   q - +0 cloak
rCorr   .          Rampage  .   (no gloves)
Will    .....                   (no boots)
Stlth   ++........              (no amulet)
HPRegen 0.10/turn               (no ring)
MPRegen 0.15/turn               (no ring)

@: no status effects
A: no striking features
a: no special abilities


You were on level 4 of the Dungeon.
You visited 1 branch of the dungeon, and saw 4 of its levels.

You collected 97 gold pieces.
You spent 12 gold pieces at shops.

Inventory:

Hand Weapons
 r - a +4 quarterstaff of chaos (weapon)
Armour
 a - a +0 robe (worn)
 d - a +0 helmet (worn)
 q - a +0 cloak (worn)
Jewellery
 l - an amulet of faith
Wands
 p - a wand of polymorph (13)
Scrolls
 f - a scroll of fear
 g - a scroll of enchant weapon {unknown}
 h - a scroll of teleportation
 k - a scroll of vulnerability {unknown}
 m - a scroll of blinking {unknown}
 o - a scroll of enchant armour {unknown}
Potions
 b - a potion of magic
 c - a potion of curing
 e - a potion of invisibility
 i - 2 potions of berserk rage
 j - 4 potions of lignification
 n - a potion of brilliance {unknown}
 s - a potion of attraction {unknown}


   Skills:
 - Level 2.4 Dodging
 - Level 2.4 Stealth
 + Level 5.6 Spellcasting
 + Level 6.9 Conjurations
 * Level 0.8 Hexes
 * Level 1.9 Translocations


You had 5 spell levels left.
You knew the following spells:

 Your Spells              Type           Power      Damage    Failure   Level
a - Magic Dart            Conj           100%       1d8       1%          1
b - Searing Ray           Conj           82%        2d7       1%          2
c - Iskenderun's Mystic   Conj/Tloc      29%        2d7       13%         4
d - Fulminant Prism       Conj/Hex       13%        3d9       16%         4

Your spell library contained the following spells:

 Spells                   Type           Power      Damage    Failure   Level
 Dazzling Flash           Conj/Hex       52%        N/A       4%          3
 Confusing Touch          Hex            11%        N/A       16%         3
 Ozocubu's Armour         Ice            7%         N/A       22%         3
 Yara's Violent Unravell  Hex/Tmut       4%         3d4       87%         5
 Enfeeble                 Hex            5%         N/A       100%        7
 Ozocubu's Refrigeration  Ice            3%         4d8       100%        7


Dungeon Overview and Level Annotations

Branches:
Dungeon (4/15)
 Temple: D:4-7

Altars:

Shops:
D:3 *

Annotations:
D:4 Pikel


Message History

Pikel burns you.
The searing ray hits Pikel.
Pikel is moderately wounded.
Pikel barely misses you.
The searing ray misses Pikel.
The lemure barely misses you.
Pikel hits you with a +2 whip of flaming.
Pikel burns you.
* * * LOW HITPOINT WARNING * * *
Casting: Searing Ray (safe; 1% risk of failure)
Confirm with . or Enter, or press ? or * to list all spells.
The spell is quite dangerous to miscast (13% risk of failure)!
Continue anyway?
You erupt in a blast of force!
The mystic blast hits Pikel.
Pikel is moderately wounded.
Pikel is knocked back by the mystic blast.
The mystic blast hits the lemure.
The lemure is lightly wounded.
The lemure is knocked back by the mystic blast.
The lemure slams into the rock wall!
The lemure is moderately wounded.
You feel better. The lemure hits you but does no damage.
Casting: Iskenderun's Mystic Blast (quite dangerous; 13% risk of failure)
Confirm with . or Enter, or press ? or * to list all spells.
Aiming: Searing Ray (safe; 1% risk of failure)
Press: ? - help, Shift-Dir - straight line, f/p - Pikel
Aim: Pikel, wielding a +2 whip of flaming and wearing a +2 robe of cold resistance (moderately wounded, 77% to hit)
The searing ray hits Pikel.
Pikel is heavily wounded. (Press . to maintain the ray.)
The lemure closely misses you.
The searing ray hits Pikel.
Pikel is severely wounded.
Pikel closely misses you. The lemure barely misses you.
The searing ray hits Pikel!
Pikel is almost dead.
Pikel hits you with a +2 whip of flaming.
Pikel burns you. The lemure hits you.
* * * LOW HITPOINT WARNING * * *
Without enough magic to sustain it, your searing ray dissipates.
Pikel hits you with a +2 whip of flaming!
You die...

#.. ##.# #.g# ##...
##.... ##.....
##....g. ########
##.......
#..K@5.######....s...
####...5...†...#.....
#######....>......
#....###.... #....#
####. #(...## ..
#....# s.. ....##
......


You could see Pikel and 2 lemures.

Vanquished Creatures
  2 lemures
  A scorpion (D:4)
  Crazy Yiuf (D:2)
  Terence (D:2)
  Natasha (thrice) (D:2)
  Robin (D:2)
  5 adders
  An ufetubus (D:3)
  A worm (D:3)
  A dart slug (D:1)
  5 orcs (D:3)
  7 bats
  10 endoplasms
  A giant cockroach (D:1)
  18 goblins
  8 hobgoblins
  3 kobolds
  2 quokkas
  5 ball pythons
  5 frilled lizards
  8 rats
89 creatures vanquished.

Notes
Turn   | Place    | Note
-------+----------+-------------------------------------------
     0 | D:1      | leavemydog the Deep Elf Conjurer began the quest for the
                  | Orb.
     0 | D:1      | Reached XP level 1. HP: 10/10 MP: 6/6
   217 | D:1      | Reached XP level 2. HP: 15/15 MP: 5/8
   221 | D:1      | Learned a level 2 spell: Searing Ray
   348 | D:1      | Reached skill level 5 in Conjurations
   618 | D:1      | Found a faded altar of an unknown god.
   944 | D:1      | Reached XP level 3. HP: 19/19 MP: 7/9
  1546 | D:2      | Noticed Terence
  1553 | D:2      | Killed Terence
  1768 | D:2      | Reached XP level 4. HP: 24/24 MP: 9/11
  1798 | D:2      | Learned a level 4 spell: Iskenderun's Mystic Blast
  2078 | D:2      | Noticed Natasha
  2085 | D:2      | Killed Natasha
  2353 | D:2      | Noticed Robin
  2375 | D:2      | Killed Robin
  2376 | D:2      | Reached skill level 6 in Conjurations
  2579 | D:2      | Reached XP level 5. HP: 28/28 MP: 10/14
  2598 | D:2      | Noticed Natasha
  2603 | D:2      | Killed Natasha
  2604 | D:2      | Reached skill level 5 in Spellcasting
  2604 | D:2      | Reached skill level 1 in Translocations
  2804 | D:2      | Noticed Natasha
  2810 | D:2      | Killed Natasha
  2903 | D:2      | Found a runed translucent door.
  2904 | D:2      | Noticed Crazy Yiuf
  3020 | D:2      | Killed Crazy Yiuf
  3683 | D:3      | Reached XP level 6. HP: 32/32 MP: 13/16
  3761 | D:3      | Found Naug's General Store.
  3786 | D:3      | Bought a potion of degeneration for 12 gold pieces
  4008 | D:3      | Learned a level 4 spell: Fulminant Prism
  4521 | D:4      | Noticed Pikel
  4614 | D:4      | Slain by Pikel

Illustrated notes

Levels and vault maps discovered:
D:1:      dpeg_arrival_lava_temple_mockup, layout_basic,
          shapermc_ecumenical_altar_acropolis, kennysheep_nondescript,
          minmay_distorted
D:2:      layout_loops_corners, minmay_quadrilaterals, uniq_robin, uniq_terence,
          uniq_crazy_yiuf_cottage, uniq_natasha
D:3:      layout_loops_ring, serial_shops, shop_statue
D:4:      layout_cave_pods, xom_teletrap_fun,
          lemuel_mausoleum_altar_yredelemnul, uniq_pikel

Skill      XL: |  1  2  3  4  5 |
---------------+----------------+-----
Conjurations   | 5 6 |  6.9
Spellcasting   | 4 5 |  5.6
Translocations | 1 |  1.9
Dodging        | |  2.4
Stealth        | |  2.4
Hexes          | |  0.8

Action                   |  1- 3 |  4- 6 || total
-------------------------+-------+-------++-------
Melee: Quarterstaff      |       |     1 ||     1
 Cast: Magic Dart        |    64 |    99 ||   163
       Searing Ray       |     2 |    14 ||    16
       Iskenderun's Myst |       |     1 ||     1
  Use: Scroll            |       |     7 ||     7
       Potion            |       |     2 ||     2
Armor: Robe              |       |     7 ||     7
Dodge: Dodged            |     2 |    24 ||    26

Table legend: (Time is in decaauts)
 A = Elapsed time spent in this place.
 B = Non-inter-level travel time spent in this place.
 C = Inter-level travel time spent in this place.
 D = Time resting spent in this place.
 E = Time spent auto-exploring this place.
 F = Levels seen in this place.
 G = Mean time per level.
                   A        B        C        D        E       F      G
               +--------+--------+--------+--------+--------+-----+--------+
         Total |   4614 |   4537 |     77 |   1447 |   2686 |   4 | 1153.5 |
       Dungeon |   4614 |   4537 |     77 |   1447 |   2686 |   4 | 1153.5 |
               +--------+--------+--------+--------+--------+-----+--------+

Top non-repeatable levels by time:
     D:2: 1962 daAuts
     D:1: 1204 daAuts
     D:3: 971 daAuts
     D:4: 476 daAuts
